cohdb
Replays
Latest Replays
All Replays
Popular Replays
Top Player Replays
Match Explorer
How It Works
Community
CoH3 Stats
Reddit
Sign in to upload your games and track your stats! →
Sign in with Steam
Match 46840845
Unlisted
Match 46840845
Overview
Messages
Build Orders
End
Kradschützen Motorcycle Team
Panzerpioneer Squad
250 Light Carrier
Construct Light Support Kompanie
250 Light Carrier
Combat Half-tracks
MG34 Team
Fire Support Elements
Selects Armored Support Battlegroup
Selects Superior Fire Drills
Selects Salvage Kits
Flakvierling Half-track
Panzerjäger Mechanized Group
Vehicle Survival Package
Construct Mechanized Kompanie
Dusty
Tony Horton Pro Skater
Herr Blautier
EPHX_Valkyrion
0
0
Comments
sign in to comment!
No comments posted yet!